 Dungeon Crawl Stone Soup version 0.22.1-2-g9c5b331 (webtiles) character file.

149 Fang the Chopper (level 5, -4/33 HPs)
             Began as a Gargoyle Berserker on Dec 14, 2018.
             Was a Priest of Trog.
             Slain by Grinder (6 damage)
             ... on level 3 of the Dungeon.
             The game lasted 00:02:49 (1785 turns).

Fang the Chopper (Gargoyle Berserker)               Turns: 1785, Time: 00:02:50

Health: -4/33      AC:  9    Str: 21    XL:     5   Next: 31%
Magic:  5/5        EV: 12    Int:  8    God:    Trog [***...]
Gold:   157        SH:  0    Dex:  9    Spells: 4/4 levels left

rFire    . . .     SeeInvis .   a - +0 hand axe
rCold    + . .     Gourm    .   (no shield)
rNeg     + . .     Faith    .   b - +0 animal skin
rPois    ∞         Spirit   .   (no helmet)
rElec    +         Reflect  .   (no cloak)
rCorr    .         Harm     .   (no gloves)
MR       .....                  f - +2 pair of boots {Fly}
Stlth    +.........             (no amulet)
HPRegen  0.11/turn              k - ring of protection from cold
MPRegen  0.09/turn              (no ring)

@: flying
A: negative energy resistance 1, electricity resistance, unbreathing,
petrification resistance, rot immunity, AC +4
a: Berserk, Trog's Hand, Renounce Religion, Stop Flying


You were on level 3 of the Dungeon.
You worshipped Trog.
Trog was most pleased with you.
You were not hungry.

You visited 1 branch of the dungeon, and saw 3 of its levels.

You collected 157 gold pieces.

Inventory:

Hand Weapons
 a - a +0 hand axe (weapon)
Armour
 b - a +0 animal skin (worn)
 f - a +2 pair of boots of flying (worn)
Jewellery
 k - a ring of protection from cold (left hand)
Scrolls
 e - a scroll of remove curse {unknown}
 n - 2 scrolls of identify {unknown}
Potions
 d - 2 potions of berserk rage {unknown}
 g - 2 potions of curing {unknown}
 h - a potion of invisibility {unknown}
 i - a potion of cancellation {unknown}
 j - a potion of might {unknown}
 l - a potion of resistance {unknown}
 m - a potion of brilliance {unknown}
 p - a potion of lignification {unknown}
Comestibles
 c - 8 rations
 o - a chunk of flesh


   Skills:
 + Level 4.0 Fighting
 + Level 4.1 Axes
 + Level 2.4 Armour
 + Level 2.4 Dodging
 + Level 1.4 Stealth


You had 4 spell levels left.
You didn't know any spells.
Your spell library was empty.

Dungeon Overview and Level Annotations

Branches:
Dungeon (3/15)

Altars:
Dithmenos

Annotations:
D:3 Grinder


Innate Abilities, Weirdness & Mutations

You are resistant to torment.
Your stone body is resilient. (AC +4)
You are immune to poison.
You resist negative energy. (rN+)
You are resistant to electric shocks. (rElec)
You can survive without breathing.
You are immune to petrification.
You are immune to rotting.


Message History

You can move again.
You are too injured to fight recklessly!
You are too injured to fight recklessly!
You are too injured to fight recklessly!
You are too injured to fight recklessly!
You are too injured to fight recklessly!
You are too injured to fight recklessly!
You are too injured to fight recklessly!
Grinder blinks!
You barely miss Grinder. Grinder closely misses you.
You hit Grinder but do no damage. Grinder gestures at you.
You resist with significant effort.
You hit Grinder but do no damage. Grinder hits you.
You hit Grinder. Grinder hits you.
You writhe in agony.
* * * LOW HITPOINT WARNING * * *
You hit Grinder. Grinder hits you!
* * * LOW HITPOINT WARNING * * *
You closely miss Grinder. Grinder hits you.
You die...

#.# #.)..##
#.#
#.###.........
#......###.###
###.##.# #
##.##.###
#.........
#.....###.
#.5.### #.@##
#)....#
#...#.# #..?#
# #...# #..##
#... ##.#


You could see Grinder.

Vanquished Creatures
  Robin (D:3)
  2 adders
  2 oozes
  3 worms
  6 leopard geckos
  5 orcs (D:3)
  4 bats
  2 giant cockroaches
  18 goblins
  16 hobgoblins
  3 jackals (D:1)
  9 kobolds
  3 frilled lizards
  11 rats
85 creatures vanquished.

Notes
Turn   | Place    | Note
-------+----------+-------------------------------------------
     0 | D:1      | Fang the Gargoyle Berserker began the quest for the Orb.
     0 | D:1      | Reached XP level 1. HP: 14/14 MP: 1/1
    35 | D:1      | Reached XP level 2. HP: 11/19 MP: 2/2
   458 | D:1      | Reached XP level 3. HP: 22/24 MP: 3/3
   475 | D:1      | Reached ** piety under Trog
   905 | D:2      | Reached XP level 4. HP: 29/29 MP: 4/4
  1367 | D:3      | Noticed Robin
  1370 | D:3      | Killed Robin
  1372 | D:3      | Reached skill level 1 in Stealth
  1385 | D:3      | Reached XP level 5. HP: 33/33 MP: 5/5
  1648 | D:3      | Found a shadowy altar of Dithmenos.
  1704 | D:3      | Reached *** piety under Trog
  1767 | D:3      | Noticed Grinder
  1774 | D:3      | Paralysed by Grinder for 5 turns
  1785 | D:3      | Slain by Grinder

Skill      XL: |  1  2  3  4 |
---------------+-------------+-----
Axes           | 3 4 |  4.1
Dodging        | 2 |  2.4
Stealth        | 1 |  1.4
Fighting       | 4 |  4.0
Armour         | |  2.4

Action                   |  1- 3 |  4- 6 || total
-------------------------+-------+-------++-------
Melee: Hand axe          |   121 |   122 ||   243
Invok: Berserk           |       |     1 ||     1
 Stab: Sleeping          |     1 |     1 ||     2
  Eat: Chunk             |       |     4 ||     4
Armor: Animal skin       |    58 |    47 ||   105
Dodge: Dodged            |   105 |    92 ||   197
